 Dungeon Crawl Stone Soup version 0.28.0-53-g5a82cb258f (webtiles) character file.

Game seed: 1610210441256529107

80 Descartes the Grasshopper (level 4, 0/33 HPs)
             Began as a Formicid Warper on May 31, 2022.
             Slain by a kobold
             ... wielding a +0 whip of venom
              (4 damage)
             ... on level 3 of the Dungeon.
             The game lasted 00:03:06 (2767 turns).

Descartes the Grasshopper (Formicid Warper)         Turns: 2767, Time: 00:03:07

Health: 0/33       AC: 12    Str: 18    XL:     4   Next: 65%
Magic:  7/7        EV:  5    Int: 12    God:
Gold:   96         SH:  0    Dex: 10    Spells: 7/7 levels left

rFire   . . .      SeeInvis +   a - +0 hand axe
rCold   . . .      Faith    .   (no shield)
rNeg    . . .      Spirit   .   b - +0 plate armour
rPois   +          Reflect  .   (helmet unavailable)
rElec   .          Harm     .   (no cloak)
rCorr   .          Rampage  .   (no gloves)
Will    .....                   j - +0 pair of boots
Stlth   ..........              (no amulet)
HPRegen 0.11/turn               h - ring of poison resistance
MPRegen 0.10/turn               (no ring)

@: lethally poisoned (0 -> -5)
A: permanent stasis, dig shafts and tunnels, antennae 3, four strong arms
a: Dig, Shaft Self


You were on level 3 of the Dungeon.
You visited 1 branch of the dungeon, and saw 3 of its levels.

You collected 96 gold pieces.

Inventory:

Hand Weapons
 a - a +0 hand axe (weapon)
Missiles
 c - 5 boomerangs of dispersal (quivered)
 g - 2 poisoned darts
 l - 16 stones
 o - 5 curare-tipped darts
Armour
 b - a +0 plate armour (worn)
 j - a +0 pair of boots (worn)
Jewellery
 h - a ring of poison resistance (left hand)
Scrolls
 e - a scroll of noise {unknown}
 k - a scroll of immolation {unknown}
 m - a scroll of enchant armour {unknown}
 n - a scroll of identify {unknown}
Potions
 d - a potion of mutation {unknown}
 f - a potion of heal wounds {unknown}
 i - a potion of lignification {unknown}


   Skills:
 - Level 2.1 Fighting
 + Level 2.8 Axes
 - Level 1.0 Throwing
 + Level 2.3 Armour
 - Level 1.7 Dodging
 + Level 2.1 Shields
 - Level 2.1 Spellcasting
 + Level 3.2 Translocations


You had 7 spell levels left.
You didn't know any spells.
Your spell library contained the following spells:

 Spells                   Type           Power      Damage    Failure   Level
 Pain                     Necr           4%         1d4       100%        1
 Gell's Gravitas          Tloc           9%         N/A       100%        3
 Lesser Beckoning         Tloc           9%         N/A       100%        3
 Teleport Other           Tloc           9%         N/A       100%        3
 Agony                    Necr           1%         N/A       100%        5
 Excruciating Wounds      Necr           0%         N/A       100%        5
 Manifold Assault         Tloc           9%         N/A       100%        5
 Blink                    Tloc           Unusable   N/A       N/A         2

Dungeon Overview and Level Annotations

Branches:
Dungeon (3/15)

Altars:


Innate Abilities, Weirdness & Mutations

You cannot be hasted, slowed, berserked, paralysed or teleported.
You can dig through walls and to a lower floor.
You have a pair of large antennae on your head. (SInv)
Your four strong arms can wield two-handed weapons with a shield.


Message History

The jackal bites you but does no damage.
The kobold hits you but does no damage.
The jackal bites you but does no damage.
You completely miss the kobold. You hit the jackal.
You feel sick.
The jackal bites you but does no damage.
The kobold hits you but does no damage.
You closely miss the kobold. You hit the jackal.
You kill the jackal!
You feel sick.
A frilled lizard comes into view.
The kobold hits you but does no damage.
The jackal bites you but does no damage.
The kobold hits you with a +0 whip of venom.
You closely miss the kobold. You barely miss the jackal.
You feel sick.
The frilled lizard hisses angrily.
The jackal bites you.
* * * LOW HITPOINT WARNING * * *
The jackal barely misses you. The kobold barely misses you.
You barely miss the kobold. You barely miss the jackal.
You feel sick.
The jackal bites you but does no damage.
The kobold hits you but does no damage.
The jackal bites you but does no damage.
Unknown command.
You hit the kobold but do no damage. You hit the jackal.
You feel sick. The jackal barely misses you. The kobold completely misses you.
You barely miss the kobold. You miss the jackal.
You feel sick.
You are no longer poisoned.
The jackal bites you but does no damage.
The kobold hits you but does no damage.
You are lethally poisoned!
The jackal bites you but does no damage.
Unknown command.
You hit the kobold.
The kobold is moderately wounded.
You closely miss the jackal.
* * * LOW HITPOINT WARNING * * *
You feel sick.
The jackal bites you but does no damage.
The kobold hits you with a +0 whip of venom.
You die...

#########
#.......#####
#...........#
#####...........#
#...$...........# #
#...............###
#h@....#####.......
+..lK##?..+
+.......
#..⌠w{##..#
#....### .......
#..# #....# ...⌠...
###..........
......< ..........
#..⌠... ..#####...#
##..... #...# ##.


You could see a dart slug, a jackal, a kobold and a frilled lizard.

Vanquished Creatures
  4 worms
  3 dart slugs
  5 orcs (D:2)
  4 ball pythons
  4 bats
  7 endoplasms
  A giant cockroach (D:3)
  6 goblins
  3 hobgoblins
  2 jackals (D:3)
  4 kobolds
  A quokka (D:2)
  2 frilled lizards (D:1)
  6 rats
52 creatures vanquished.

Notes
Turn   | Place    | Note
-------+----------+-------------------------------------------
     0 | D:1      | Descartes the Formicid Warper began the quest for the Orb.
     0 | D:1      | Reached XP level 1. HP: 16/16 MP: 3/3
   202 | D:1      | Reached XP level 2. HP: 12/22 MP: 5/5
   467 | D:1      | Reached skill level 1 in Shields
   680 | D:1      | Reached skill level 3 in Translocations
   680 | D:1      | Reached XP level 3. HP: 21/27 MP: 6/6
  1018 | D:1      | Found a faded altar of an unknown god.
  1928 | D:2      | Reached XP level 4. HP: 33/33 MP: 7/7
  2767 | D:3      | Slain by a kobold

Illustrated notes

Levels and vault maps discovered:
D:1:      dpeg_arrival_orchard, layout_basic, ebering_ecumenical_altar_hall
D:2:      layout_rooms
D:3:      layout_basic, grunt_ministairs_9, kennysheep_nondescript,
          minmay_strange_pillars, minmay_misc_feat_doors, minmay_pentomino_pile,
          uniq_sigmund, uniq_jessica

Skill      XL: |  1  2  3  4 |
---------------+-------------+-----
Shields        | 1 2 |  2.1
Translocations | 3 |  3.2
Armour         | 2 |  2.3
Fighting       | |  2.1
Axes           | |  2.8
Throwing       | |  1.0
Dodging        | |  1.7
Spellcasting   | |  2.1

Action                   |  1- 3 |  4- 6 || total
-------------------------+-------+-------++-------
Melee: Hand axe          |   123 |    74 ||   197
       Punch             |       |     2 ||     2
Armor: Leather armour    |     5 |       ||     5
       Chain mail        |    15 |       ||    15
       Plate armour      |    21 |    68 ||    89
Dodge: Dodged            |    52 |    28 ||    80
